 Dungeon Crawl Stone Soup version 0.31-a0-167-g1c394c0614 (webtiles) character file.

Game seed: 14737827334411107492

131177 qw the Crack Shot (level 17, 0/113 HPs)
             Began as a Gargoyle Hunter on June 14, 2023.
             Was an Elder of Okawaru.
             Shot themself with a bolt (10 damage)
             ... on level 1 of the Shoals.
             The game lasted 00:12:10 (21752 turns).

qw the Crack Shot (Gargoyle Hunter)                Turns: 21752, Time: 00:12:11

Health: 0/113      AC: 29    Str: 16    XL:     17   Next: 9%
Magic:  19/24      EV: 26    Int: 11    God:    Okawaru [****..]
Gold:   1403       SH:  5    Dex: 19    Spells: 16/16 levels left

rFire   . . .        Y - +7 triple crossbow (freeze)
rCold   . . .        (shield currently unavailable)
rNeg    + . .        v - +0 troll leather armour
rPois   inf          f - +2 helmet
rElec   +            s - +2 cloak {rCorr}
rCorr   +            t - +2 pair of gloves
SInv    +            (no boots)
Will    +....        n - amulet of reflection
Stlth   +++          h - +5 ring of evasion
HPRegen 1.18/turn    z - ring of see invisible
MPRegen 0.19/turn

%: reflection
@: heroic, finesse-ful, flying
A: sickness immunity, AC +12, big wings, negative energy resistance 1,
electricity resistance, torment resistance 1, petrification resistance
a: Renounce Religion, Heroism, Finesse


You were on level 1 of the Shoals.
You worshipped Okawaru.
Okawaru was greatly pleased with you.
You visited 6 branches of the dungeon, and saw 27 of its levels.

You collected 2859 gold pieces.
You spent 1456 gold pieces at shops.


Innate Abilities, Weirdness & Mutations

You are immune to sickness and miasma.
Your stone body is resilient. (AC +12)
You are immune to poison.
Your large and strong wings let you fly.
You resist negative energy. (rN+)
You are resistant to electric shocks. (rElec)
You are resistant to unholy torment.
You are immune to petrification.


   Skills:
 + Level 15.6(20.6) Fighting
 - Level 22.0(27) Ranged Weapons
 - Level 8.0(13.0) Armour
 - Level 9.0(14.0) Dodging
 - Level 1.1(6.1) Stealth
 - Level 10.0 Invocations


You had 16 spell levels left.
You didn't know any spells.
Your spell library was empty.

Inventory:

Hand Weapons
 k - the +10 orcbow of the Desert {freeze, rCorr Int+4}
   (You found it on level 4 of the Dungeon)

   Int:       It affects your intelligence (+4).
   rCorr:     It protects you from acid and corrosion.
 Y - a +7 triple crossbow of freezing (weapon)
Armour
 a - +0 acid dragon scales
 f - a +2 helmet (worn)
 r - a +1 leather armour of fire resistance
 s - a +2 cloak of preservation (worn)
 t - a +2 pair of gloves (worn)
 v - a +0 troll leather armour (worn)
Jewellery
 c - a +6 ring of strength
 h - a +5 ring of evasion (left hand)
 n - an amulet of reflection (around neck)
 u - a ring of resist corrosion
 w - a ring of positive energy
 y - a ring of willpower
 z - a ring of see invisible (right hand)
Wands
 p - a wand of digging (6)
Scrolls
 d - 13 scrolls of teleportation
 j - 11 scrolls of identify
 m - 3 scrolls of enchant armour
Potions
 b - 6 potions of might
 e - 9 potions of curing
 g - a potion of resistance
 i - 3 potions of mutation
 l - 3 potions of cancellation
 o - 2 potions of lignification
 q - 3 potions of heal wounds
 x - a potion of attraction

Dungeon Overview and Level Annotations

Branches:
Dungeon (15/15)            Temple (1/1) D:4            Lair (5/5) D:9
 Shoals (1/4) Lair:2       Spider (3/4) Lair:2        Slime (0/5) Lair:4
    Orc (2/2) D:10            Elf (0/3) Orc:2        Vaults (0/5) D:13
 Depths (0/4) D:15

Altars:
Ashenzari
Cheibriados
Dithmenos
Elyvilon
Fedhas
Gozag
Hepliaklqana
Kikubaaqudgha
Makhleb
Nemelex Xobeh
Okawaru
Qazlal
Ru
Sif Muna
Trog
Uskayaw
Vehumet
Wu Jian
Xom
Yredelemnul
Zin
The Shining One
Jiyva

Shops:
D:5 (   D:7 [   D:8 *   D:11 ?(?   D:14 *   Orc:2 (*:!

Annotations:
D:3 2 transporters, qw's ghost, amateur NaHu
Lair:4 2 transporters, qw's ghost, journeyman GrHu
Lair:5 2 runed translucent doors
Shoals:1 Donald
Spider:1 3 runed translucent doors, Taocaav's ghost, adept CeHu
Orc:1 1 runed translucent door, TarVian's ghost, journeyman MiFi


Message History

Enter note:
Enter note:
Enter note:
Enter note:
Enter note:
Enter note:
Enter note:
21738 ||| INVOKING Heroism.
You gain the combat prowess of a mighty hero.
21739 ||| INVOKING Finesse.
You can now deal lightning-fast blows.
You can no longer enter into single combat with a foe.
Okawaru will no longer gift you equipment.
You shoot a bolt.
Donald blocks the bolt with his +0 kite shield of reflection... and reflects it back!
Donald shouts!
The bolt hits you!!! The bolt freezes you!!
Donald says, "Is it turtles all the way down?"
21741 ||| FLEEEEING.
21742 ||| FLEEEEING.
21743 ||| FLEEEEING.
Donald gestures wildly while chanting.
Donald seems to grow stronger.
21744 ||| FLEEEEING.
You shoot a bolt.
Donald blocks the bolt with his +0 kite shield of reflection... and reflects it back!
The bolt hits you. The bolt freezes you.
21746 ||| FLEEEEING.
21747 ||| FLEEEEING.
Donald says, "I hate this place."
21748 ||| FLEEEEING.
21749 ||| FLEEEEING.
You shoot a bolt. The bolt hits Donald!!
The bolt freezes Donald.
Donald is moderately wounded.
You shoot a bolt. The bolt hits Donald!!
The bolt freezes Donald!
Donald is heavily wounded.
You shoot a bolt.
Donald blocks the bolt with his +0 kite shield of reflection... and reflects it back!
The bolt hits you!!! The bolt freezes you!
You die...

...~~~.# #......~~~~~...~~~~~~
##.~~~~# ##..~~~.~.....~.~~~~~~
#.....~# #.....~~~.....~~~~~~~~
#......## ##.....~.P....~~~~~~~~
#..##...## ###P.@.......~~~~~~~~
#..##....#### ###..P........~~~~~
##....~~....# #.....#.....~~~~~
#.....~~~...#####....###...~~~~~~
#......~~...P...@...P# #..~~~~~~~
...##...~.~..........###...~~~~~~
.~~.##.....~..P~~~..~...~~.~~~~~~
.......##..P~....P.......~~~~~~~~
.~...~~P..PP~~~.P........~~~~~~~~
.~.~~~~...P.~~PPP~P~~...P)~~~~~~~
~..~~~~~~P..~PPPP~~~~....~~~~~~~~
..~~~~~~~P.PPPPPP~~~~.###.~~~~~~~
~~~~~~~~P~P~P~PPPPP~~~##..~~~~~~~


You could see Donald (strong, reflecting).

Vanquished Creatures
  3 emperor scorpions (Spider:3)
  3 ghost moths
  3 broodmothers (Spider:1)
  Nessos (D:13)
  3 merfolk impalers (Shoals:1)
  An ettin (D:13)
  Josephine (D:14)
  3 entropy weavers (Spider:3)
  An ice dragon (D:13)
  4 hydras
  A radroach (Spider:3)
  3 centaur warriors
  3 boulder beetles
  2 merfolk aquamancers (Shoals:1)
  3 tengu warriors
  12 two-headed ogres
  6 demonic crawlers
  5 orc high priests (Orc:2)
  Urug (D:11)
  A shock serpent (shapeshifter) (D:15)
  3 skysharks
  A sun moth (Spider:2)
  6 sea snakes (Shoals:1)
  5 pharaoh ants
  Lodul (D:11)
  A deep troll (D:15)
  2 orb spiders
  6 orc knights (Orc:2)
  A lindwurm (Lair:5)
  A steelbarb worm (Spider:3)
  2 deep elf pyromancers
  4 harpies (Shoals:1)
  2 orc sorcerers
  3 necromancers
  9 ugly things (D:15)
  7 wolf spiders
  3 cyclopes
  5 elephants (Lair:5)
  A merfolk siren (Shoals:1)
  9 manticores
  8 black mambas
  2 moths of wrath
  3 torpor snails
  2 water nymphs (Shoals:1)
  13 cane toads
  A gargoyle (D:14)
  2 molten gargoyles (Lair:5)
  An efreet (D:14)
  A tengu conjurer (D:13)
  16 komodo dragons
  6 kobold demonologists
  2 rime drakes
  5 merfolk (Shoals:1)
  10 trolls
  A meliai (shapeshifter) (D:13)
  9 meliai
  A polar bear (Lair:3)
  12 blink frogs
  3 wind drakes
  8 tarantellas
  7 slime creatures
  15 jumping spiders
  A spriggan (Lair:4)
  12 culicivoras
  3 shadows
  62 yaks
  3 wraiths (D:14)
  A basilisk (shapeshifter) (D:14)
  5 water elementals (Shoals:1)
  5 wyverns
  11 basilisks
  21 redbacks
  9 vampire mosquitoes
  A steam dragon (Lair:5)
  4 wargs
  5 acid dragons
  4 hell hounds (Lair:5)
  10 water moccasins
  3 sky beasts
  33 orc warriors
  2 ice beasts
  11 ogres
  13 wolves (Lair:2)
  4 boggarts (D:14)
  8 centaurs
  A phantom (D:6)
  5 kobold brigands
  10 bullfrogs
  A gnoll sergeant (D:10)
  3 scorpions
  16 wights
  13 killer bees
  2 howler monkeys
  6 spriggan skeletons (D:12)
  A troll skeleton (D:12)
  An electric eel (Lair:2)
  5 lava snakes (Lair:5)
  5 hounds
  2 jellies (D:6)
  28 orc priests
  A sleepcap (D:7)
  Ijyb (D:4)
  4 iguanas
  16 orc wizards
  Robin (D:4)
  3 gnolls (D:10)
  6 adders
  13 white imps
  5 worms
  A dart slug (D:4)
  70 orcs
  6 ball pythons
  8 bats
  6 endoplasms
  5 giant cockroaches
  10 hobgoblins
  32 kobolds
  4 quokkas
  4 frilled lizards
  10 goblins
  6 rats
802 creatures vanquished.

Notes
Turn   | Place    | Note
-------+----------+-------------------------------------------
     0 | D:1      | qw the Gargoyle Hunter began the quest for the Orb.
     0 | D:1      | Reached XP level 1. HP: 12/12 MP: 1/1
     0 | D:1      | 0 ||| qw: Version: 0.2-a-29-g1fa15c8
     0 | D:1      | 0 ||| qw: Game counter: 5109
     0 | D:1      | 0 ||| qw: Always use a shield: true
     0 | D:1      | 0 ||| qw: God list: Okawaru
     0 | D:1      | 0 ||| qw: Allow faded altars: false
     0 | D:1      | 0 ||| qw: Do Orc after D:15 true
     0 | D:1      | 0 ||| qw: Do second Lair branch before Depths: true
     0 | D:1      | 0 ||| qw: Lair rune preference: random
     0 | D:1      | 0 ||| qw: Plans: Normal, Zot:1-4, Slime:5, God:TSO, Crypt,
                  | Tomb, Abyss, Pan, Hells, Win
     0 | D:1      | 0 ||| PLANNING D:1-11
     1 | D:1      | You fall into a shaft and drop 1 floor!
    61 | D:2      | 61 ||| READING scroll labelled TIFIAF KIRR.
    62 | D:2      | 62 ||| READING scroll labelled RAFY UTUNIBRIM.
    65 | D:2      | 65 ||| DROPPING scroll of butterflies.
    81 | D:2      | Reached XP level 2. HP: 17/17 MP: 2/2
   219 | D:1      | Reached XP level 3. HP: 21/21 MP: 3/3
   267 | D:1      | Reached skill level 5 in Ranged Weapons
   645 | D:1      | 645 ||| READING scroll labelled SYEXEE JIONYUMM.
   646 | D:1      | 646 ||| READING scroll labelled MUIRUO PENTUES.
   647 | D:1      | 647 ||| READING scroll labelled DOUFENOQAR.
   966 | D:2      | Reached skill level 3 in Fighting
  1013 | D:2      | Reached XP level 4. HP: 28/28 MP: 4/4
  1314 | D:2      | 1314 ||| UPGRADING to +0 helmet.
  1564 | D:3      | Found a shadowy altar of Dithmenos.
  1689 | D:3      | Found a transporter.
  1720 | D:3      | Found a transporter.
  1720 | D:3      | Noticed qw's ghost (amateur NaHu)
  1866 | D:3      | 1866 ||| UPGRADING to amulet of guardian spirit.
  1871 | D:3      | 1871 ||| READING scroll labelled ZIH JULOLODE.
  1872 | D:3      | 1872 ||| READING scroll labelled VACU IRAURO.
  1873 | D:3      | 1873 ||| DRINKING 2 ruby potions.
  1927 | D:4      | Reached skill level 6 in Ranged Weapons
  1927 | D:4      | Reached XP level 5. HP: 32/32 MP: 5/5
  1946 | D:4      | Found a staircase to the Ecumenical Temple.
  1947 | D:4      | 1947 ||| PLANNING TEMPLE
  1947 | D:4      | 1947 ||| READING 2 scrolls labelled NAUSSO ALARY.
  1948 | D:4      | 1948 ||| READING scroll of enchant weapon.
  1948 | D:4      | 1948 ||| ENCHANTING +1 shortbow of freezing.
  1949 | D:4      | 1949 ||| READING scroll labelled PIHEIM JELL.
  1949 | D:4      | Identified a scroll of acquirement
  1949 | D:4      | 1949 ||| ACQUIRING +4 orcbow of freezing
  1949 | D:4      | Acquired a +4 orcbow of freezing
  1951 | D:4      | 1951 ||| UPGRADING to +4 orcbow of freezing.
  1952 | D:4      | 1952 ||| DROPPING +2 shortbow of freezing.
  1964 | Temple   | Entered the Ecumenical Temple
  2084 | Temple   | 2084 ||| PLANNING OKAWARU WORSHIP
  2266 | Temple   | Became a worshipper of Warmaster Okawaru
  2267 | Temple   | 2267 ||| PLANNING D:1-11
  2267 | Temple   | 2267 ||| REMOVING amulet of guardian spirit.
  2339 | D:4      | Reached skill level 1 in Armour
  2879 | D:4      | Found an opulent altar of Gozag.
  3014 | D:4      | Noticed Ijyb
  3015 | D:4      | 3015 ||| Stepping ~*~*~tactically~*~*~ (outnumbered).
  3017 | D:4      | 3017 ||| Stepping ~*~*~tactically~*~*~ (outnumbered).
  3019 | D:4      | 3019 ||| Stepping ~*~*~tactically~*~*~ (outnumbered).
  3022 | D:4      | Reached XP level 6. HP: 38/38 MP: 6/6
  3024 | D:4      | Killed Ijyb
  3034 | D:4      | Identified the +10 orcbow of the Desert {freeze, rCorr
                  | Int+4}
  3036 | D:4      | 3036 ||| UPGRADING to +10 orcbow of the Desert {freeze,
                  | rCorr Int+4}.
  3189 | D:4      | Noticed Robin
  3190 | D:4      | Killed Robin
  3303 | D:4      | 3303 ||| DROPPING +6 ring of intelligence.
  3315 | D:5      | Entered Level 5 of the Dungeon
  3498 | D:5      | Noticed an ice beast
  3504 | D:5      | Killed an ice beast
  3504 | D:5      | Reached * piety under Okawaru
  3505 | D:5      | Reached skill level 7 in Ranged Weapons
  3505 | D:5      | Reached XP level 7. HP: 43/43 MP: 7/7
  3543 | D:5      | Reached skill level 1 in Invocations
  3546 | D:5      | Found Munuj's Antique Weapon Shoppe.
  3594 | D:5      | Found an ornate altar of the Wu Jian Council.
  3598 | D:5      | 3598 ||| INVOKING Heroism.
  3623 | D:5      | 3623 ||| FLEEEEING.
  3624 | D:5      | 3624 ||| FLEEEEING.
  3633 | D:5      | 3633 ||| STAIRDANCE
  3676 | D:4      | 3676 ||| UPGRADING to +0 ring mail.
  3686 | D:4      | 3686 ||| DROPPING +0 leather armour.
  3687 | D:4      | 3687 ||| DROPPING amulet of guardian spirit.
  3688 | D:4      | 3688 ||| UPGRADING to amulet of reflection.
  3693 | D:4      | 3693 ||| UPGRADING to +5 ring of evasion.
  3981 | D:6      | 3981 ||| INVOKING Heroism.
  4015 | D:6      | 4015 ||| INVOKING Heroism.
  4016 | D:6      | 4016 ||| Stepping ~*~*~tactically~*~*~ (outnumbered).
  4060 | D:6      | 4060 ||| INVOKING Heroism.
  4065 | D:6      | Reached skill level 3 in Invocations
  4065 | D:6      | Reached XP level 8. HP: 34/48 MP: 6/10
  4121 | D:6      | Reached skill level 8 in Ranged Weapons
  4164 | D:6      | 4164 ||| INVOKING Heroism.
  4212 | D:6      | 4212 ||| INVOKING Heroism.
  4266 | D:6      | Found a hide-covered altar of Uskayaw.
  4266 | D:6      | Noticed a +0 hand axe
  4267 | D:6      | Noticed a +0 dagger
  4271 | D:6      | 4271 ||| INVOKING Heroism.
  4544 | D:6      | 4544 ||| READING 2 scrolls labelled GINTEU MOYD.
  4545 | D:6      | 4545 ||| READING scroll labelled AXIMASEVALACW.
  4546 | D:6      | 4546 ||| DROPPING scroll of vulnerability.
  4549 | D:7      | Found a flagged portal.
  4577 | D:7      | Reached skill level 9 in Ranged Weapons
  4579 | D:7      | 4579 ||| INVOKING Heroism.
  4690 | D:7      | Reached skill level 6 in Fighting
  4712 | D:7      | Reached XP level 9. HP: 55/55 MP: 12/12
  4753 | D:7      | Reached ** piety under Okawaru
  4766 | D:7      | 4766 ||| INVOKING Heroism.
  4841 | D:7      | Reached skill level 10 in Ranged Weapons
  4843 | D:7      | 4843 ||| Stepping ~*~*~tactically~*~*~ (outnumbered).
  5027 | D:7      | Found Vutenic's Antique Armour Shop.
  5035 | D:7      | 5035 ||| BUYING dyed leather armour (150 gold).
  5035 | D:7      | Bought a dyed leather armour for 150 gold pieces
  5035 | D:7      | 5035 ||| BUYING embroidered cloak (225 gold).
  5035 | D:7      | Bought an embroidered cloak for 225 gold pieces
  5035 | D:7      | 5035 ||| SHOPLISTING glowing robe (111 gold, have 79).
  5035 | D:7      | 5035 ||| SHOPLISTING pair of boots (135 gold, have 79).
  5327 | D:7      | 5327 ||| UPGRADING to +0 robe of cold resistance.
  5337 | D:7      | 5337 ||| DROPPING +0 ring mail.
  5338 | D:7      | 5338 ||| UPGRADING to +1 leather armour of fire resistance.
  5348 | D:7      | 5348 ||| UPGRADING to +2 cloak of preservation.
  5353 | D:7      | 5353 ||| READING scroll labelled KUAQIMUMIE.
  5354 | D:7      | 5354 ||| DRINKING 2 metallic amethyst potions.
  5355 | D:7      | 5355 ||| DRINKING 2 yellow potions.
  5404 | D:7      | 5404 ||| READING 3 scrolls of identify.
  5404 | D:7      | 5404 ||| IDENTIFYING green potion
  5405 | D:7      | 5405 ||| READING 2 scrolls of identify.
  5405 | D:7      | 5405 ||| IDENTIFYING emerald potion
  5406 | D:7      | 5406 ||| DROPPING potion of enlightenment.
  5435 | D:8      | Reached skill level 3 in Dodging
  5478 | D:8      | Found Mouji's Assorted Antiques.
  5505 | D:8      | 5505 ||| READING scroll of enchant armour.
  5505 | D:8      | 5505 ||| ENCHANTING +0 helmet.
  5532 | D:8      | Reached *** piety under Okawaru
  5533 | D:8      | Reached skill level 11 in Ranged Weapons
  5547 | D:8      | Reached XP level 10. HP: 58/64 MP: 13/13
  5581 | D:8      | 5581 ||| Stepping ~*~*~tactically~*~*~ (outnumbered).
  5597 | D:8      | Found an ancient bone altar of Kikubaaqudgha.
  5660 | D:8      | 5660 ||| READING scroll of enchant armour.
  5660 | D:8      | 5660 ||| ENCHANTING +1 helmet.
  5725 | D:8      | 5725 ||| Stepping ~*~*~tactically~*~*~ (outnumbered).
  5726 | D:8      | 5726 ||| Stepping ~*~*~tactically~*~*~ (outnumbered).
  5759 | D:8      | Found a bloodstained altar of Trog.
  5943 | D:8      | 5943 ||| INVOKING Heroism.
  5983 | D:8      | 5983 ||| Stepping ~*~*~tactically~*~*~ (outnumbered).
  5985 | D:8      | 5985 ||| Stepping ~*~*~tactically~*~*~ (outnumbered).
  5996 | D:8      | 5996 ||| Stepping ~*~*~tactically~*~*~ (outnumbered).
  6021 | D:8      | Reached skill level 12 in Ranged Weapons
  6044 | D:8      | 6044 ||| SHOPLISTING 2 potions of curing (156 gold, have
                  | 124).
  6044 | D:8      | 6044 ||| BUYING 2 scrolls of identify (104 gold).
  6044 | D:8      | Bought 2 scrolls of identify for 104 gold pieces
  6044 | D:8      | 6044 ||| SHOPLISTING fuming inky potion (23 gold, have 20).
  6044 | D:8      | 6044 ||| SHOPLISTING glowing orcbow (169 gold, have 20).
  6044 | D:8      | 6044 ||| SHOPLISTING potion of lignification (78 gold, have
                  | 20).
  6044 | D:8      | 6044 ||| SHOPLISTING scroll labelled YLO PEICUET (26 gold,
                  | have 20).
  6044 | D:8      | 6044 ||| SHOPLISTING scroll of enchant weapon (195 gold,
                  | have 20).
  6059 | D:8      | Found a burning altar of Makhleb.
  6084 | D:8      | 6084 ||| READING scroll labelled SUXOAF DIHUA.
  6085 | D:8      | 6085 ||| READING 3 scrolls of identify.
  6085 | D:8      | 6085 ||| IDENTIFYING bubbling silvery potion
  6086 | D:8      | 6086 ||| READING 2 scrolls of identify.
  6086 | D:8      | 6086 ||| IDENTIFYING glowing green potion
  6087 | D:8      | 6087 ||| DROPPING potion of brilliance.
  6110 | D:9      | Found a staircase to the Lair.
  6265 | D:9      | Identified the +4 scale mail of the Tormentor {*Slow rF+
                  | Str-5 Dex+8}
  6279 | D:9      | Noticed a two-headed ogre
  6280 | D:9      | 6280 ||| INVOKING Heroism.
  6286 | D:9      | Killed a two-headed ogre
  6286 | D:9      | Reached **** piety under Okawaru
  6329 | D:9      | Found a shimmering altar of Xom.
  6330 | D:9      | Noticed a two-headed ogre
  6331 | D:9      | 6331 ||| INVOKING Heroism.
  6338 | D:9      | Killed a two-headed ogre
  6351 | D:9      | Noticed a two-headed ogre
  6354 | D:9      | Killed a two-headed ogre
  6363 | D:9      | Found a blossoming altar of Fedhas.
  6396 | D:9      | Reached skill level 6 in Invocations
  6404 | D:9      | Reached ***** piety under Okawaru
  6405 | D:9      | Reached XP level 11. HP: 63/69 MP: 15/15
  6470 | D:9      | 6470 ||| Stepping ~*~*~tactically~*~*~ (outnumbered).
  6472 | D:9      | 6472 ||| Stepping ~*~*~tactically~*~*~ (outnumbered).
  6543 | D:9      | 6543 ||| INVOKING Heroism.
  6547 | D:9      | Reached skill level 13 in Ranged Weapons
  6603 | D:9      | 6603 ||| FLEEEEING.
  6604 | D:9      | 6604 ||| FLEEEEING.
  6605 | D:9      | 6605 ||| FLEEEEING.
  6606 | D:9      | 6606 ||| FLEEEEING.
  6607 | D:9      | 6607 ||| FLEEEEING.
  6610 | D:9      | 6610 ||| FLEEEEING.
  6613 | D:9      | 6613 ||| FLEEEEING.
  6620 | D:9      | 6620 ||| FLEEEEING.
  6621 | D:9      | 6621 ||| FLEEEEING.
  6622 | D:9      | 6622 ||| FLEEEEING.
  6623 | D:9      | 6623 ||| FLEEEEING.
  6624 | D:9      | 6624 ||| FLEEEEING.
  6625 | D:9      | 6625 ||| FLEEEEING.
  6679 | D:9      | Noticed a two-headed ogre
  6680 | D:9      | 6680 ||| INVOKING Heroism.
  6683 | D:9      | Killed a two-headed ogre
  6684 | D:9      | Reached skill level 9 in Fighting
  6935 | D:9      | 6935 ||| DROPPING +0 robe of cold resistance.
  6936 | D:9      | 6936 ||| PLANNING LAIR
  6936 | D:9      | 6936 ||| UPGRADING to +0 troll leather armour.
  6946 | D:9      | 6946 ||| UPGRADING to ring of positive energy.
  6947 | D:9      | 6947 ||| READING 2 scrolls of identify.
  6947 | D:9      | 6947 ||| IDENTIFYING fuming blue potion
  6948 | D:9      | 6948 ||| DROPPING potion of invisibility.
  6993 | Lair:1   | Entered Level 1 of the Lair of Beasts
  7049 | Lair:1   | 7049 ||| INVOKING Heroism.
  7064 | Lair:1   | Reached skill level 3 in Armour
  7093 | Lair:1   | 7093 ||| INVOKING Heroism.
  7099 | Lair:1   | Received a gift from Okawaru
  7497 | Lair:1   | 7497 ||| UPGRADING to ring of willpower.
  7499 | Lair:1   | 7499 ||| READING 2 scrolls of identify.
  7499 | Lair:1   | 7499 ||| IDENTIFYING grey potion
  7500 | Lair:1   | 7500 ||| DROPPING potion of ambrosia.
  7559 | Lair:2   | Noticed a manticore
  7560 | Lair:2   | 7560 ||| INVOKING Heroism.
  7566 | Lair:2   | Killed a manticore
  7580 | Lair:2   | Found a staircase to the Shoals.
  7659 | Lair:2   | 7659 ||| INVOKING Heroism.
  7663 | Lair:2   | Reached skill level 9 in Invocations
  7725 | Lair:2   | 7725 ||| INVOKING Heroism.
  7787 | Lair:2   | 7787 ||| Stepping ~*~*~tactically~*~*~ (outnumbered).
  7793 | Lair:2   | 7793 ||| Stepping ~*~*~tactically~*~*~ (outnumbered).
  7794 | Lair:2   | 7794 ||| Stepping ~*~*~tactically~*~*~ (outnumbered).
  7846 | Lair:2   | 7846 ||| FLEEEEING.
  7847 | Lair:2   | 7847 ||| FLEEEEING.
  7848 | Lair:2   | 7848 ||| FLEEEEING.
  7849 | Lair:2   | 7849 ||| FLEEEEING.
  7850 | Lair:2   | 7850 ||| FLEEEEING.
  7851 | Lair:2   | 7851 ||| FLEEEEING.
  7852 | Lair:2   | 7852 ||| FLEEEEING.
  7878 | Lair:2   | Found a frozen archway.
  7926 | Lair:2   | 7926 ||| INVOKING Heroism.
  7935 | Lair:2   | Reached XP level 12. HP: 76/76 MP: 17/19
  7947 | Lair:2   | Reached skill level 14 in Ranged Weapons
  7950 | Lair:2   | Identified the +6 shortbow of the Thoughtful Ears {speed,
                  | Dex+2} (Okawaru gifted it to you on level 2 of the Lair of
                  | Beasts)
  7950 | Lair:2   | Received a gift from Okawaru
  7989 | Lair:2   | Found a hole to the Spider Nest.
  7990 | Lair:2   | 7990 ||| INVOKING Finesse.
  8044 | Lair:2   | Found a broken altar of Ashenzari.
  8198 | Lair:2   | 8198 ||| INVOKING Heroism.
  8300 | Lair:2   | Found a shimmering blue altar of Sif Muna.
  8502 | Lair:2   | Noticed a five-headed hydra
  8503 | Lair:2   | 8503 ||| INVOKING Heroism.
  8507 | Lair:2   | Killed a five-headed hydra
  8508 | Lair:2   | Reached skill level 15 in Ranged Weapons
  8606 | Lair:2   | 8606 ||| UPGRADING to +1 pair of gloves.
  8611 | Lair:2   | 8611 ||| READING 2 scrolls of enchant armour.
  8611 | Lair:2   | 8611 ||| ENCHANTING +1 pair of gloves.
  8612 | Lair:2   | 8612 ||| DROPPING amulet of regeneration.
  8613 | Lair:2   | 8613 ||| READING scroll labelled YSTECOCZIBU.
  8684 | Lair:3   | 8684 ||| STAIRDANCE
  8824 | Lair:3   | You fall into a shaft and drop 1 floor!
  8838 | Lair:4   | Received a gift from Okawaru
  8840 | Lair:4   | 8840 ||| DROPPING +2 arbalest of flaming.
  8841 | Lair:4   | Found a viscous altar of Jiyva.
  8842 | Lair:4   | Found a staircase to the Slime Pits.
  8857 | Lair:3   | 8857 ||| INVOKING Heroism.
  8930 | Lair:3   | 8930 ||| INVOKING Heroism.
  8988 | Lair:3   | 8988 ||| INVOKING Heroism.
  9022 | Lair:3   | 9022 ||| INVOKING Heroism.
  9037 | Lair:3   | Reached XP level 13. HP: 75/82 MP: 20/20
  9102 | Lair:3   | 9102 ||| INVOKING Heroism.
  9109 | Lair:3   | Reached skill level 16 in Ranged Weapons
  9661 | Lair:3   | 9661 ||| READING 3 scrolls of identify.
  9661 | Lair:3   | 9661 ||| IDENTIFYING dark potion
  9662 | Lair:3   | 9662 ||| DROPPING potion of berserk rage.
  9758 | Lair:4   | 9758 ||| INVOKING Heroism.
  9842 | Lair:4   | Found a transporter.
  9845 | Lair:4   | Found a transporter.
  9847 | Lair:4   | Noticed qw's ghost (journeyman GrHu)
  9996 | Lair:4   | 9996 ||| INVOKING Heroism.
 10006 | Lair:4   | Reached skill level 6 in Dodging
 10012 | Lair:4   | 10012 ||| READING scroll of acquirement.
 10012 | Lair:4   | 10012 ||| ACQUIRING +2 longbow of electrocution
 10012 | Lair:4   | Acquired a +2 longbow of electrocution
 10014 | Lair:4   | 10014 ||| DROPPING +4 orcbow of freezing.
 10015 | Lair:4   | 10015 ||| UPGRADING to +2 longbow of electrocution.
 10016 | Lair:4   | 10016 ||| READING 2 scrolls of brand weapon.
 10016 | Lair:4   | 10016 ||| BRANDING +2 longbow of electrocution.
 10017 | Lair:4   | 10017 ||| READING scroll of brand weapon.
 10017 | Lair:4   | 10017 ||| BRANDING +2 longbow of freezing.
 10048 | Lair:5   | Entered Level 5 of the Lair of Beasts
 10078 | Lair:5   | 10078 ||| STAIRDANCE
 10212 | Lair:5   | Received a gift from Okawaru
 10222 | Lair:5   | 10222 ||| UPGRADING to +1 triple crossbow of freezing.
 10223 | Lair:5   | 10223 ||| DROPPING +2 longbow of draining.
 10315 | Lair:5   | 10315 ||| INVOKING Heroism.
 10384 | Lair:5   | 10384 ||| INVOKING Heroism.
 10395 | Lair:5   | Reached skill level 17 in Ranged Weapons
 10429 | Lair:5   | 10429 ||| INVOKING Heroism.
 10468 | Lair:5   | 10468 ||| INVOKING Heroism.
 10488 | Lair:5   | Found a large runed translucent door.
 10489 | Lair:5   | Found a large runed translucent door.
 10629 | Lair:5   | 10629 ||| INVOKING Heroism.
 10724 | Lair:5   | 10724 ||| INVOKING Heroism.
 10744 | Lair:5   | Reached skill level 18 in Ranged Weapons
 10744 | Lair:5   | Gained mutation: Your large and strong wings let you fly.
                  | [Gargoyle growth]
 10744 | Lair:5   | Reached XP level 14. HP: 88/90 MP: 21/21
 10852 | Lair:5   | Received a gift from Okawaru
 10942 | Lair:5   | 10942 ||| INVOKING Heroism.
 10978 | Lair:5   | Reached skill level 12 in Fighting
 11242 | Lair:5   | 11242 ||| READING scroll labelled LEN SANINEOZINOBE.
 11243 | Lair:5   | 11243 ||| PLANNING D:1-11
 11357 | D:10     | Entered Level 10 of the Dungeon
 11392 | D:10     | Identified the +6 spear of the Protecting Shrike {heavy,
                  | Will+ Str-5 Int+4 SInv}
 11429 | D:10     | Found a staircase to the Orcish Mines.
 11624 | D:10     | Reached skill level 6 in Armour
 11765 | D:10     | 11765 ||| READING scroll of enchant weapon.
 11765 | D:10     | 11765 ||| ENCHANTING +1 triple crossbow of freezing.
 11800 | D:10     | 11800 ||| Stepping ~*~*~tactically~*~*~ (outnumbered).
 11949 | D:10     | 11949 ||| READING scroll labelled YLO PEICUET.
 11966 | D:10     | 11966 ||| READING 5 scrolls of identify.
 11966 | D:10     | 11966 ||| IDENTIFYING inky potion
 11978 | D:11     | Found Qepn's Weapon Emporium.
 12081 | D:11     | Noticed Lodul
 12090 | D:11     | Killed Lodul
 12118 | D:11     | Found Oseceask's Magic Scroll Shop.
 12129 | D:11     | 12129 ||| BUYING scroll of enchant armour (112 gold).
 12129 | D:11     | Bought a scroll of enchant armour for 112 gold pieces
 12129 | D:11     | 12129 ||| BUYING scroll of teleportation (45 gold).
 12129 | D:11     | Bought a scroll of teleportation for 45 gold pieces
 12129 | D:11     | 12129 ||| BUYING scroll of teleportation (45 gold).
 12129 | D:11     | Bought a scroll of teleportation for 45 gold pieces
 12129 | D:11     | 12129 ||| BUYING scroll of teleportation (45 gold).
 12129 | D:11     | Bought a scroll of teleportation for 45 gold pieces
 12152 | D:11     | Noticed Urug
 12153 | D:11     | 12153 ||| INVOKING Heroism.
 12167 | D:11     | 12167 ||| INVOKING Finesse.
 12169 | D:11     | Killed Urug
 12286 | D:11     | Found Jyonio's Magic Scroll Shop.
 12294 | D:11     | 12294 ||| BUYING scroll of enchant weapon (105 gold).
 12294 | D:11     | Bought a scroll of enchant weapon for 105 gold pieces
 12294 | D:11     | 12294 ||| BUYING scroll of identify (28 gold).
 12294 | D:11     | Bought a scroll of identify for 28 gold pieces
 12294 | D:11     | 12294 ||| BUYING scroll of identify (28 gold).
 12294 | D:11     | Bought a scroll of identify for 28 gold pieces
 12294 | D:11     | 12294 ||| BUYING scroll of identify (28 gold).
 12294 | D:11     | Bought a scroll of identify for 28 gold pieces
 12294 | D:11     | 12294 ||| BUYING scroll of teleportation (42 gold).
 12294 | D:11     | Bought a scroll of teleportation for 42 gold pieces
 12294 | D:11     | 12294 ||| READING scroll of enchant weapon.
 12294 | D:11     | 12294 ||| ENCHANTING +2 triple crossbow of freezing.
 12331 | D:11     | Found a glowing golden altar of the Shining One.
 12595 | D:11     | 12595 ||| PLANNING D
 12862 | D:12     | Received a gift from Okawaru
 12870 | D:12     | 12870 ||| INVOKING Heroism.
 12871 | D:12     | 12871 ||| INVOKING Finesse.
 12916 | D:12     | 12916 ||| READING scroll of enchant weapon.
 12916 | D:12     | 12916 ||| ENCHANTING +3 triple crossbow of freezing.
 13028 | D:12     | 13028 ||| READING scroll of enchant weapon.
 13028 | D:12     | 13028 ||| ENCHANTING +4 triple crossbow of freezing.
 13297 | D:12     | 13297 ||| READING 7 scrolls of identify.
 13297 | D:12     | 13297 ||| IDENTIFYING orange potion
 13411 | D:13     | 13411 ||| INVOKING Heroism.
 13412 | D:13     | 13412 ||| INVOKING Finesse.
 13421 | D:13     | Reached skill level 19 in Ranged Weapons
 13506 | D:13     | 13506 ||| Stepping ~*~*~tactically~*~*~ (outnumbered).
 13514 | D:13     | 13514 ||| INVOKING Heroism.
 13586 | D:13     | Noticed Nessos
 13588 | D:13     | Killed Nessos
 13604 | D:13     | 13604 ||| INVOKING Heroism.
 13662 | D:13     | Found a gate to the Vaults.
 13786 | D:13     | 13786 ||| INVOKING Heroism.
 13787 | D:13     | 13787 ||| READING 16 scrolls of teleportation.
 14002 | D:13     | 14002 ||| INVOKING Heroism.
 14354 | D:14     | Found a shadowy altar of Dithmenos.
 14366 | D:14     | Found Wuaply's Assorted Antiques.
 14372 | D:14     | 14372 ||| BUYING scroll labelled XAB JUNGU HOXT (28 gold).
 14372 | D:14     | Bought a scroll labelled XAB JUNGU HOXT for 28 gold pieces
 14459 | D:14     | 14459 ||| READING scroll of enchant weapon.
 14459 | D:14     | 14459 ||| ENCHANTING +5 triple crossbow of freezing.
 14491 | D:14     | Reached XP level 15. HP: 96/98 MP: 22/22
 14515 | D:14     | Noticed Josephine
 14521 | D:14     | Killed Josephine
 14666 | D:14     | 14666 ||| INVOKING Heroism.
 14707 | D:14     | 14707 ||| FLEEEEING.
 14708 | D:14     | 14708 ||| FLEEEEING.
 14711 | D:14     | 14711 ||| FLEEEEING.
 14712 | D:14     | 14712 ||| FLEEEEING.
 14713 | D:14     | 14713 ||| FLEEEEING.
 14714 | D:14     | 14714 ||| FLEEEEING.
 14715 | D:14     | 14715 ||| INVOKING Heroism.
 14960 | D:14     | 14960 ||| UPGRADING to ring of see invisible.
 14962 | D:14     | 14962 ||| READING scroll labelled XAB JUNGU HOXT.
 15005 | D:15     | Entered Level 15 of the Dungeon
 15031 | D:15     | 15031 ||| INVOKING Heroism.
 15031 | D:15     | Paralysed by an orc sorcerer for 5 turns
 15042 | D:15     | HP: 22/98 [something (4)]
 15043 | D:15     | 15043 ||| READING 15 scrolls of teleportation.
 15046 | D:15     | Reached skill level 20 in Ranged Weapons
 15186 | D:15     | 15186 ||| INVOKING Heroism.
 15208 | D:15     | 15208 ||| INVOKING Heroism.
 15271 | D:15     | 15271 ||| INVOKING Heroism.
 15321 | D:15     | 15321 ||| READING scroll of enchant weapon.
 15321 | D:15     | 15321 ||| ENCHANTING +6 triple crossbow of freezing.
 15337 | D:15     | 15337 ||| INVOKING Heroism.
 15466 | D:15     | Found a staircase to the Depths.
 15571 | D:15     | 15571 ||| PLANNING ORC
 15727 | Orc:1    | Entered Level 1 of the Orcish Mines
 15742 | Orc:1    | 15742 ||| INVOKING Heroism.
 15794 | Orc:1    | Found a runed translucent door.
 15816 | Orc:1    | Noticed TarVian's ghost (journeyman MiFi)
 15846 | Orc:1    | 15846 ||| Stepping ~*~*~tactically~*~*~ (outnumbered).
 15849 | Orc:1    | 15849 ||| Stepping ~*~*~tactically~*~*~ (outnumbered).
 16811 | Orc:2    | Entered Level 2 of the Orcish Mines
 16811 | Orc:2    | Found a staircase to the Elven Halls.
 16812 | Orc:2    | 16812 ||| INVOKING Heroism.
 17016 | Orc:2    | 17016 ||| FLEEEEING.
 17129 | Orc:2    | 17129 ||| INVOKING Heroism.
 17132 | Orc:2    | HP: 19/100 [orc priest/divine providence (12)]
 17133 | Orc:2    | 17133 ||| READING 14 scrolls of teleportation.
 17134 | Orc:2    | 17134 ||| DRINKING 6 potions of heal wounds.
 17172 | Orc:2    | 17172 ||| FLEEEEING.
 17173 | Orc:2    | 17173 ||| FLEEEEING.
 17174 | Orc:2    | 17174 ||| FLEEEEING.
 17236 | Orc:2    | 17236 ||| INVOKING Heroism.
 17353 | Orc:2    | 17353 ||| INVOKING Heroism.
 17367 | Orc:2    | 17367 ||| Stepping ~*~*~tactically~*~*~ (outnumbered).
 17368 | Orc:2    | 17368 ||| Stepping ~*~*~tactically~*~*~ (outnumbered).
 17382 | Orc:2    | 17382 ||| INVOKING Finesse.
 17391 | Orc:2    | 17391 ||| Stepping ~*~*~tactically~*~*~ (outnumbered).
 17404 | Orc:2    | 17404 ||| INVOKING Heroism.
 17406 | Orc:2    | 17406 ||| Stepping ~*~*~tactically~*~*~ (outnumbered).
 17409 | Orc:2    | Received a gift from Okawaru
 17458 | Orc:2    | 17458 ||| INVOKING Heroism.
 17507 | Orc:2    | Found Seacetua's Weapon Boutique.
 17509 | Orc:2    | Found Yduts's Assorted Antiques.
 17512 | Orc:2    | Found Mosur's Book Shop.
 17513 | Orc:2    | Found Gufilius's Distillery.
 17517 | Orc:2    | 17517 ||| BUYING fuming inky potion (29 gold).
 17517 | Orc:2    | Bought a fuming inky potion for 29 gold pieces
 17522 | Orc:2    | 17522 ||| BUYING potion of cancellation (136 gold).
 17522 | Orc:2    | Bought a potion of cancellation for 136 gold pieces
 17522 | Orc:2    | 17522 ||| BUYING potion of curing (51 gold).
 17522 | Orc:2    | Bought a potion of curing for 51 gold pieces
 17522 | Orc:2    | 17522 ||| BUYING potion of curing (51 gold).
 17522 | Orc:2    | Bought a potion of curing for 51 gold pieces
 17522 | Orc:2    | 17522 ||| BUYING potion of curing (51 gold).
 17522 | Orc:2    | Bought a potion of curing for 51 gold pieces
 17522 | Orc:2    | 17522 ||| BUYING potion of heal wounds (85 gold).
 17522 | Orc:2    | Bought a potion of heal wounds for 85 gold pieces
 17522 | Orc:2    | 17522 ||| BUYING potion of might (68 gold).
 17522 | Orc:2    | Bought a potion of might for 68 gold pieces
 17622 | Orc:2    | 17622 ||| PLANNING SPIDER:1-3
 17622 | Orc:2    | 17622 ||| DROPPING +0 pair of gloves of hurling.
 17623 | Orc:2    | 17623 ||| READING 8 scrolls of identify.
 17623 | Orc:2    | 17623 ||| IDENTIFYING fuming inky potion
 17624 | Orc:2    | 17624 ||| DROPPING potion of degeneration.
 17802 | Spider:1 | Entered Level 1 of the Spider Nest
 17901 | Spider:1 | Found a runed translucent gate.
 17902 | Spider:1 | Found a runed translucent gate.
 17903 | Spider:1 | Found a runed translucent gate.
 17903 | Spider:1 | Noticed Taocaav's ghost (adept CeHu)
 17972 | Spider:1 | Noticed a ghost moth
 17974 | Spider:1 | 17974 ||| Stepping ~*~*~tactically~*~*~ (outnumbered).
 17979 | Spider:1 | Reached XP level 16. HP: 106/106 MP: 8/23
 18107 | Spider:1 | 18107 ||| INVOKING Heroism.
 18110 | Spider:1 | 18110 ||| INVOKING Finesse.
 18119 | Spider:1 | 18119 ||| Stepping ~*~*~tactically~*~*~ (outnumbered).
 18120 | Spider:1 | 18120 ||| Stepping ~*~*~tactically~*~*~ (outnumbered).
 18133 | Spider:1 | Reached skill level 21 in Ranged Weapons
 19124 | Spider:1 | 19124 ||| Stepping randomly (stuck).
 19168 | Spider:2 | 19168 ||| INVOKING Heroism.
 19484 | Spider:2 | Reached skill level 15 in Fighting
 19728 | Spider:3 | 19728 ||| INVOKING Heroism.
 19729 | Spider:3 | 19729 ||| Stepping ~*~*~tactically~*~*~ (outnumbered).
 19767 | Spider:3 | 19767 ||| INVOKING Heroism.
 19876 | Spider:3 | 19876 ||| INVOKING Heroism.
 19878 | Spider:3 | 19878 ||| Stepping ~*~*~tactically~*~*~ (outnumbered).
 19888 | Spider:3 | Reached skill level 9 in Dodging
 19889 | Spider:3 | HP: 24/108 [meliai/+0 hand axe (4)]
 19890 | Spider:3 | 19890 ||| READING 14 scrolls of teleportation.
 19890 | Spider:3 | HP: 11/108 [redback (5)]
 19891 | Spider:3 | 19891 ||| DRINKING 6 potions of heal wounds.
 19893 | Spider:3 | 19893 ||| DRINKING 5 potions of heal wounds.
 19896 | Spider:3 | HP: 23/108 [meliai/divine providence (8)]
 19897 | Spider:3 | 19897 ||| READING 13 scrolls of teleportation.
 19898 | Spider:3 | 19898 ||| DRINKING 4 potions of heal wounds.
 20014 | Spider:3 | 20014 ||| INVOKING Heroism.
 20073 | Spider:3 | 20073 ||| INVOKING Heroism.
 20122 | Spider:3 | 20122 ||| INVOKING Heroism.
 20123 | Spider:3 | 20123 ||| Stepping ~*~*~tactically~*~*~ (outnumbered).
 20469 | Spider:3 | 20469 ||| INVOKING Heroism.
 20977 | Spider:3 | 20977 ||| PLANNING SHOALS:1-3
 21074 | Shoals:1 | Entered Level 1 of the Shoals
 21092 | Shoals:1 | 21092 ||| Stepping ~*~*~tactically~*~*~ (outnumbered).
 21097 | Shoals:1 | Received a gift from Okawaru
 21222 | Shoals:1 | 21222 ||| INVOKING Heroism.
 21224 | Shoals:1 | Reached skill level 22 in Ranged Weapons
 21460 | Shoals:1 | 21460 ||| INVOKING Heroism.
 21499 | Shoals:1 | Reached XP level 17. HP: 113/113 MP: 24/24
 21553 | Shoals:1 | 21553 ||| FLEEEEING.
 21554 | Shoals:1 | 21554 ||| FLEEEEING.
 21565 | Shoals:1 | 21565 ||| INVOKING Heroism.
 21737 | Shoals:1 | Noticed Donald
 21738 | Shoals:1 | 21738 ||| INVOKING Heroism.
 21739 | Shoals:1 | 21739 ||| INVOKING Finesse.
 21741 | Shoals:1 | 21741 ||| FLEEEEING.
 21742 | Shoals:1 | 21742 ||| FLEEEEING.
 21743 | Shoals:1 | 21743 ||| FLEEEEING.
 21744 | Shoals:1 | 21744 ||| FLEEEEING.
 21746 | Shoals:1 | 21746 ||| FLEEEEING.
 21747 | Shoals:1 | 21747 ||| FLEEEEING.
 21748 | Shoals:1 | 21748 ||| FLEEEEING.
 21749 | Shoals:1 | 21749 ||| FLEEEEING.
 21752 | Shoals:1 | HP: 10/113 [suicidal targeting (48)]
 21752 | Shoals:1 | Shot themself with a bolt

Levels and vault maps discovered:
D:1:      minmay_arrival_plants_in_alcoves, layout_rooms,
          minmay_stone_trees_medium
D:2:      layout_loops_ring, bh_walls_and_bars
D:3:      layout_rooms, amcnicky_altar_gilded, gammafunk_ghost_smash
D:4:      layout_basic, mainiacjoe_overflow_tiny_flanked,
          minmay_temple_entry_large_hall, uniq_ijyb, uniq_robin
D:5:      layout_loops_ring, mainiacjoe_overflow_catwalk, serial_shops,
          nicolae_shop_tiny_waterfront
D:6:      layout_rooms, dancing_weapons_uskayaw
D:7:      layout_cave_pods, enter_bailey_2, serial_shops, nicolae_shop_crystal
D:8:      layout_rooms, mainiacjoe_overflow_six_doors_small,
          makhleb_blood_cavern_becter, mainiacjoe_overflow_alcove_1,
          kb_lookout_dungeons_type, kennysheep_decorative_pillar,
          kennysheep_windowed_goal
D:9:      layout_gridville, grunt_temple_overflow_open, dpeg_oklobed_lair,
          kennysheep_small_spiral
D:10:     layout_big_octagon, david_orc_1_choice
D:11:     layout_basic, serial_shops, shop,
          nicolae_shop_competitors_out_of_business,
          nicolae_shop_gibbet_a_chance, tso_altar, uniq_urug, uniq_lodul
D:12:     layout_loops_ring, hangedman_tell_no_tales
D:13:     layout_roguey, david_vaults_4, uniq_nessos
D:14:     layout_loops_ring, grunt_dithmenos_shadows, serial_shops, shop,
          uniq_josephine
D:15:     hangedman_depths_entry_civil_slaughter, layout_cave_pools
Temple:   oiseaux_autumnal_temple
Lair:1:   layout_roguey
Lair:2:   nzn_winding_woodlands_cross
          [nzn_winding_woodlands_5x15_river_crossing,
          nzn_winding_woodlands_5x15_jagged, nzn_winding_woodlands_5x15_garden,
          nzn_winding_woodlands_5x15_split_checker,
          nzn_winding_woodlands_15x15_thick_spiral], layout_chaotic_city,
          minmay_shoals_entry_beasts, nicolae_spider_entry_orb_guardian,
          basic_altar, portal_ice_cave_entry_imps, serial_bayou_pond_c,
          lemuel_centaur_altar, serial_bayou_shore_b
Lair:3:   layout_long_grid
Lair:4:   layout_cave_shapes, slime_entry_1, gammafunk_ghost_hive,
          grunt_forest_large_clearing_hut
Lair:5:   cheibrodos_lair_end_hotspot, layout_loops_ring
Shoals:1: layout_shoals, uniq_donald
Spider:1: nicolae_spider_broodchamber, gammafunk_ghost_tricky_traps
Spider:2: layout_spider_delve, drop_trap, nicolae_spider_checkerboard
Spider:3: layout_spider_delve, spiders_nest_ghost_moth_duel
Orc:1:    layout_caves, hellmonk_ghost_happy_afterlife
Orc:2:    st_orc_pillars, layout_caves, mines_bat_river

Skill      XL: |  1  2  3  4  5  6  7  8  9 10 11 12 13 14 15 16 |
---------------+-------------------------------------------------+-----
Ranged Weapons | 5 6 7 9 11 12 13 15 18 19 20 22 | 22.0
Fighting       | 3 4 6 8 9 10 11 13 14 15 | 15.6
Armour         | 1 2 3 5 6 7 8 |  8.0
Invocations    | 3 4 6 9 10 | 10.0
Dodging        | 2 3 4 5 6 7 8 9 |  9.0
Stealth        | |  1.1

Action                     |  1- 3 |  4- 6 |  7- 9 | 10-12 | 13-15 | 16-18 || total
---------------------------+-------+-------+-------+-------+-------+-------++-------
   Fire: Shortbow          |    94 |    92 |       |       |       |       ||   186
         Orcbow            |       |    69 |   162 |   484 |    71 |       ||   786
         Triple crossbow   |       |       |       |       |   839 |   366 ||  1205
         Longbow           |       |       |       |       |    89 |       ||    89
 Invoke: Heroism           |       |       |     9 |    17 |    31 |    13 ||    70
         Finesse           |       |       |       |     1 |     4 |     2 ||     7
    Use: Scroll            |     5 |     5 |     6 |     8 |    19 |     2 ||    45
         Potion            |       |     1 |     2 |       |     1 |     3 ||     7
 Armour: Leather armour    |     2 |    24 |     3 |     6 |       |       ||    35
         Ring mail         |       |       |     9 |       |       |       ||     9
         Troll leather arm |       |       |       |    43 |   201 |   128 ||   372
  Dodge: Dodged            |    12 |    32 |    43 |   174 |   563 |   384 ||  1208
  Block: Other             |       |       |    13 |    49 |   131 |    83 ||   276
         Reflection        |       |       |     2 |     7 |     7 |     1 ||    17

Table legend:
 A = Non-vault XP
 B = Vault XP
 C = Vault XP percentage of total XP
 D = Non-vault monster count
 E = Vault monster count
 F = Vault count percentage of total count
                 A         B        C        D         E       F
            +---------+---------+-------+---------+---------+-------
      Total |  138539 |   48858 |  26.1 |     601 |     201 |  25.1
            +---------+---------+-------+---------+---------+-------
        D:1 |      33 |       0 |   0.0 |      19 |       0 |   0.0
        D:2 |      56 |       0 |   0.0 |      17 |       0 |   0.0
        D:3 |      55 |       0 |   0.0 |      22 |       0 |   0.0
        D:4 |     216 |      63 |  22.6 |      19 |       8 |  29.6
        D:5 |     585 |       0 |   0.0 |      12 |       0 |   0.0
        D:6 |     781 |       0 |   0.0 |      18 |       0 |   0.0
        D:7 |    1494 |       0 |   0.0 |      27 |       0 |   0.0
        D:8 |    2115 |     549 |  20.6 |      37 |       5 |  11.9
        D:9 |    6664 |       0 |   0.0 |      26 |       0 |   0.0
       D:10 |    2817 |     649 |  18.7 |      22 |       9 |  29.0
       D:11 |    2076 |    2373 |  53.3 |       7 |       9 |  56.2
       D:12 |    4698 |     387 |   7.6 |      11 |       7 |  38.9
       D:13 |    6987 |    3728 |  34.8 |      22 |       5 |  18.5
       D:14 |    9128 |    1775 |  16.3 |      23 |       5 |  17.9
       D:15 |    9094 |    4158 |  31.4 |      18 |       6 |  25.0
     Lair:1 |    1710 |       0 |   0.0 |       7 |       0 |   0.0
     Lair:2 |    5878 |    7386 |  55.7 |      34 |      34 |  50.0
     Lair:3 |    5944 |       0 |   0.0 |      19 |       0 |   0.0
     Lair:4 |    3826 |    1007 |  20.8 |      15 |       3 |  16.7
     Lair:5 |   14084 |    6125 |  30.3 |      49 |      24 |  32.9
   Shoals:1 |   18343 |       0 |   0.0 |      34 |       0 |   0.0
   Spider:1 |    4890 |    7236 |  59.7 |      15 |       9 |  37.5
   Spider:2 |    8262 |       0 |   0.0 |      27 |       0 |   0.0
   Spider:3 |   21790 |    2847 |  11.6 |      42 |       7 |  14.3
      Orc:1 |    4263 |       0 |   0.0 |      28 |       0 |   0.0
      Orc:2 |    2750 |   10575 |  79.4 |      31 |      70 |  69.3
            +---------+---------+-------+---------+---------+-------
